 Dungeon Crawl Stone Soup version 0.25-a0-860-gf695395b5c (webtiles) character file.

Game seed: 16534608274834519001, levelgen mode: deterministic

78 Maedhros the Poker (level 4, -1/31 HPs)
             Began as an Octopode Fighter on Apr 27, 2020.
             Was an Initiate of Fedhas.
             Slain by an orc wizard
             ... wielding a +0 dagger
              (3 damage)
             ... on level 4 of the Dungeon.
             The game lasted 00:01:17 (633 turns).

Maedhros the Poker (Octopode Fighter)                Turns: 633, Time: 00:01:18

Health: -1/31      AC:  1    Str: 17    XL:     4   Next: 36%
Magic:  4/4        EV: 11    Int: 10    God:    Fedhas [......]
Gold:   145        SH:  9    Dex: 12    Spells: 3/3 levels left

rFire    + + .     SeeInvis .   a - +0 trident
rCold    + . .     Gourm    .   b - +0 kite shield
rNeg     . . .     Faith    .   (helmet restricted)
rPois    +         Spirit   .   (no amulet)
rElec    +         Reflect  .   o - ring of flight
rCorr    +         Harm     .   (no ring)
MR       .....                  (no ring)
Stlth    ++........             (no ring)
HPRegen  0.10/turn              (no ring)
MPRegen  0.09/turn              (no ring)
                                (no ring)
                                (no ring)

@: resistant, slowed, very slow
A: almost no armour, stealthy swim, amphibious, 8 rings, constrict 8, camouflage
1, fire resistance 1, sense surroundings 1, strong 1, gelatinous body 1
a: Renounce Religion, Evoke Flight


You were on level 4 of the Dungeon.
You worshipped Fedhas.
Fedhas was noncommittal.
You were not hungry.

You visited 2 branches of the dungeon, and saw 5 of its levels.

You collected 145 gold pieces.

Inventory:

Hand Weapons
 a - a +0 trident (weapon)
Armour
 b - a +0 kite shield (worn)
Jewellery
 o - a ring of flight (left tentacle)
Wands
 j - a wand of disintegration (16)
Scrolls
 g - 2 scrolls of identify {unknown}
 h - a scroll of random uselessness {unknown}
 i - a scroll of remove curse {unknown}
 m - a scroll of enchant armour {unknown}
 p - a scroll of teleportation {unknown}
 r - a scroll of magic mapping {unknown}
Potions
 c - a potion of might
 l - a potion of flight {unknown}
 n - a potion of brilliance {unknown}
 q - a potion of curing {unknown}
 s - a potion of stabbing {unknown}
Comestibles
 d - 5 rations


   Skills:
 - Level 3.0 Fighting
 + Level 4.5 Polearms
 - Level 3.0 Dodging
 - Level 3.0 Shields


You had 3 spell levels left.
You didn't know any spells.
Your spell library was empty.

Dungeon Overview and Level Annotations

Branches:
Dungeon (4/15)             Temple (1/1) D:4

Altars:
Cheibriados
Dithmenos
Elyvilon
Fedhas
Gozag
Hepliaklqana
Kikubaaqudgha
Makhleb
Okawaru
Qazlal
Ru
Trog
Uskayaw
Vehumet
Xom
Yredelemnul
Zin
The Shining One


Innate Abilities, Weirdness & Mutations

You cannot wear most types of armour.
You are very stealthy in the water. (Stealth+)
You are amphibious.
You can wear up to eight rings at the same time.
You can use your tentacles to constrict eight enemies at once.
Your skin changes colour to match your surroundings (Stealth+).
Your rubbery body absorbs attacks. (AC +1, EV +1)
Your flesh is heat resistant. (rF+)
You passively map a small area around you.
Your muscles are strong. (Str +2)


Message History

The orc wizard barely misses you. The orc hits you.
You block the giant cockroach's attack. The orc wizard closely misses you.
The orc misses you.
The orc wizard gestures at you while chanting.
The magic dart hits you!
* * * LOW HITPOINT WARNING * * *
The giant cockroach bites you.
* * * LOW HITPOINT WARNING * * *
The giant cockroach bites you but does no damage.
You block the orc wizard's attack.
It was a potion of resistance.
You feel protected. You block the giant cockroach's attack.
The orc wizard casts a spell at you. The magic dart hits you.
* * * LOW HITPOINT WARNING * * *
You block the giant cockroach's attack.
The orc wizard hits you with a +0 dagger.
You die...
Fedhas appreciates your contribution to the ecosystem.

##. .,.., ,..#.#.#
#., .#..... .., ,
* ,...#.#, .# , *
*## ###.#,..# *
*...###...##..# *
, ,
,%.#.....).o#..###
*
#...##..>ws##...#
* * #..#...oo@..#
, *
#..##...###...#* ,
#...#.###.....#*,
, #...#.#...#
*..., , ,
#.......## *### ,
** * * ##...#.#.#
* ##......#.# *
##.....###.#
##.......##.# *


You could see an orc wizard, a dart slug, 2 orcs and a giant cockroach.

Vanquished Creatures
  An orc wizard (D:4)
  A hound skeleton (D:4)
  A gnoll (D:1)
  An adder (D:2)
  2 worms (D:2)
  A bat (D:3)
  2 giant cockroaches
  2 goblins
  2 hobgoblins
  A kobold (D:1)
  A quokka (D:2)
  A frilled lizard (D:1)
  2 rats (D:1)
18 creatures vanquished.

Notes
Turn   | Place    | Note
-------+----------+-------------------------------------------
     0 | D:1      | Maedhros the Octopode Fighter began the quest for the Orb.
     0 | D:1      | Reached XP level 1. HP: 16/16 MP: 1/1
    75 | D:1      | Reached XP level 2. HP: 16/21 MP: 2/2
   194 | D:1      | Reached skill level 3 in Polearms
   284 | D:2      | Reached XP level 3. HP: 18/26 MP: 3/3
   522 | D:4      | Reached skill level 4 in Polearms
   527 | D:4      | Found a staircase to the Ecumenical Temple.
   538 | Temple   | Entered the Ecumenical Temple
   576 | Temple   | Became a worshipper of Xom the Capricious
   598 | Temple   | Fell from the grace of Xom
   598 | Temple   | Became a worshipper of Fedhas Madash
   625 | D:4      | Reached XP level 4. HP: 22/31 MP: 4/4
   630 | D:4      | Gained mutation: Your flesh is heat resistant. (rF+)
                  | [potion of mutation]
   630 | D:4      | Gained mutation: You passively map a small area around you.
                  | [potion of mutation]
   630 | D:4      | Gained mutation: Your muscles are strong. (Str +2) [potion
                  | of mutation]
   633 | D:4      | Slain by an orc wizard

Levels and vault maps discovered:
D:1:      elethiomel_arrival_maze, layout_basic
D:2:      layout_loops_ring, first_ration, st_stairs_7
D:3:      minmay_wonky_spiral, layout_loops_ring, grunt_gozag_breadcrumbs
D:4:      layout_loops_ring, minmay_temple_entry_slanted
Temple:   regret_index_temple_sigil_plot

Skill      XL: |  1  2  3 |
---------------+----------+-----
Polearms       | 3 4 |  4.5
Fighting       | |  3.0
Dodging        | |  3.0
Shields        | |  3.0

Action                   |  1- 3 |  4- 6 || total
-------------------------+-------+-------++-------
Melee: Trident           |    54 |     2 ||    56
       Constrict         |    12 |       ||    12
       Tentacles         |    11 |       ||    11
  Use: Potion            |       |     3 ||     3
 Stab: Sleeping          |     4 |       ||     4
Armor: Skin              |     1 |     1 ||     2
Dodge: Dodged            |    14 |     9 ||    23
Block: Kite shield       |     9 |     5 ||    14

Table legend:
 A = Non-vault XP
 B = Vault XP
 C = Vault XP percentage of total XP
 D = Non-vault monster count
 E = Vault monster count
 F = Vault count percentage of total count
                 A         B        C        D         E       F
            +---------+---------+-------+---------+---------+-------
      Total |     108 |       4 |   3.6 |      16 |       2 |  11.1
            +---------+---------+-------+---------+---------+-------
        D:1 |      23 |       0 |   0.0 |       7 |       0 |   0.0
        D:2 |      27 |       4 |  12.9 |       5 |       2 |  28.6
        D:3 |       4 |       0 |   0.0 |       2 |       0 |   0.0
        D:4 |      54 |       0 |   0.0 |       2 |       0 |   0.0
            +---------+---------+-------+---------+---------+-------
